 Dungeon Crawl Stone Soup version 0.18-a0-33-g9e10395 (webtiles) character file.

50 ReteAZ the Ducker (level 3, -9/33 HPs)
             Began as a Troll Warper on Nov 5, 2015.
             Mangled by a worm (11 damage)
             ... on level 2 of the Dungeon.
             The game lasted 00:05:09 (907 turns).

ReteAZ the Ducker (Troll Warper)                     Turns: 907, Time: 00:05:09

Health: -9/33      AC:  5    Str: 20    XL:     3   Next: 55%
Magic:  3/3        EV: 10    Int:  9    God:
Gold:   68         SH:  0    Dex:  9    Spells: 1 memorised, 3 levels left

rFire  . . .     SeeInvis .     a - +0 mace
rCold  . . .     Clarity  .     b - +0 robe
rNeg   . . .     SustAt   .     (no shield)
rPois  .         Gourm    +     (helmet restricted)
rElec  .         Spirit   .     (no cloak)
rCorr  .         Warding  .     (gloves unavailable)
rMut   .         Stasis   .     (boots unavailable)
MR     .....                    (no amulet)
Stlth  +.........               (no ring)
                                (no ring)

@: not resistant to hostile enchantments, very unstealthy
A: unfitting armour, claws 3, fast metabolism 3, gourmand, regeneration 2,
shaggy fur 1, tough skin 2
a: no special abilities


You were on level 2 of the Dungeon.
You were very full.

You visited 1 branch of the dungeon, and saw 2 of its levels.

You collected 68 gold pieces.

Inventory:

Hand Weapons
 a - a +0 mace (weapon)
Missiles
 e - 5 tomahawks of dispersal {=f}
 j - 7 silver tomahawks (quivered)
Armour
 b - a +0 robe (worn)
Jewellery
 k - a cursed ring of stealth {unknown}
Scrolls
 d - 2 scrolls of blinking {!r}
 i - a scroll of immolation {unknown}
 n - a scroll of remove curse {unknown}
 p - 2 scrolls of identify {unknown}
Potions
 m - 2 potions of might {unknown}
 o - a potion of brilliance {unknown}
 q - a potion of lignification {unknown}
Books
 c - a book of Spatial Translocations

   Spells                             Type                      Level
   a - Apportation                    Translocation                1
   b - Blink                          Translocation                2
   c - Shroud of Golubria             Charms/Translocation         2
   d - Portal Projectile              Translocation                3
   e - Teleport Other                 Translocation                3
   f - Passage of Golubria            Translocation                4
Comestibles
 f - 2 bread rations {@e1}
 g - a meat ration {@e2}
 l - a royal jelly


   Skills:
 - Level 1.5 Fighting
 + Level 2.2 Maces & Flails
 - Level 0.8 Throwing
 + Level 3.1 Dodging
 - Level 1.2 Spellcasting
 - Level 2.1 Translocations


You had 3 spell levels left.
You knew the following spells:

 Your Spells              Type           Power        Failure   Level  Hunger
g - Apportation           Tloc           #.........   14%         1    ##.....


Dungeon Overview and Level Annotations

Branches:
Dungeon (2/15)

Altars:


Innate Abilities, Weirdness & Mutations

You are too large for most types of armour.
You have claws for hands.
Your metabolism is lightning-fast.
You like to eat raw meat.
You heal very quickly.
You are covered in fur (AC +1).
You have very tough skin (AC +2).


Message History

You are too injured to fight recklessly!
You are too injured to fight recklessly!
You are too injured to fight recklessly!
You are too injured to fight recklessly!
You are too injured to fight recklessly!
You are too injured to fight recklessly!
You are too injured to fight recklessly!
You barely miss the worm.
The worm is severely wounded.
You barely miss the worm.
The worm is severely wounded.
The worm barely misses you.
You hit the worm but do no damage.
The worm is severely wounded.
The worm bites you!
* * * LOW HITPOINT WARNING * * *
You hit the worm.
The worm is severely wounded.
The worm bites you!
You die...

#.######..#
#.#...##..#
#.....##..#####
##.............
##.#.......##..#
.........†.##..#
####...##.##..#
#...##.##..#####.
#..###...@w......
#..##.....(.(((..
#.............[.#
#.###..##..###...
#.###..##..# .#
#..##..##... #
##.##..####.#
#.##..# .#
#######.†...#


You could see a worm.

Vanquished Creatures
  2 adders (D:2)
  3 giant geckos (D:1)
  A ball python (D:2)
  A bat (D:2)
  4 goblins
  6 hobgoblins
  2 jackals (D:1)
  2 giant cockroaches (D:1)
  4 kobolds (D:1)
  3 rats
28 creatures vanquished.

Notes
Turn   | Place    | Note
--------------------------------------------------------------
     0 | D:1      | ReteAZ the Troll Warper began the quest for the Orb.
     0 | D:1      | Reached XP level 1. HP: 19/19 MP: 1/1
    27 | D:1      | Reached skill level 2 in Dodging
   121 | D:1      | Reached XP level 2. HP: 27/27 MP: 2/2
   591 | D:2      | Reached XP level 3. HP: 15/33 MP: 3/3
   639 | D:2      | Reached skill level 3 in Dodging
   907 | D:2      | Mangled by a worm

Vault maps used:
D:1:      eino_arrival_tree_alley
D:2:      overflow_temple_1_default, overflow_temple_1_default

Action                   || total
-------------------------++-------
Melee: Mace              ||   118
Throw: Tomahawk          ||     5
 Cast: Apportation       ||     1
  Eat: Chunk             ||    13
